 Dungeon Crawl Stone Soup version 0.25-a0-737-g26c3a87c45 (webtiles) character file.

Game seed: 4768434075051067027, levelgen mode: deterministic

206 magipi the Chucker (level 5, 0/48 HPs)
             Began as a Tengu Hunter on Apr 11, 2020.
             Was an Initiate of Ru.
             Slain by Sigmund
             ... wielding a +0 scythe
              (6 damage)
             ... on level 3 of the Dungeon.
             The game lasted 00:08:55 (3035 turns).

magipi the Chucker (Tengu Hunter)                   Turns: 3035, Time: 00:08:55

Health: 0/48       AC:  5    Str: 13    XL:     5   Next: 84%
Magic:  6/6        EV: 16    Int: 11    God:    Ru [......]
Gold:   118        SH:  0    Dex: 17    Spells: 4/4 levels left

rFire    . . .     SeeInvis .   a - +0 short sword
rCold    . . .     Gourm    .   (no shield)
rNeg     . . .     Faith    .   b - +0 leather armour
rPois    .         Spirit   .   (helmet restricted)
rElec    .         Reflect  .   (no cloak)
rCorr    .         Harm     .   s - +1 pair of gloves
MR       .....                  (boots unavailable)
Stlth    ..........             (no amulet)
HPRegen  0.16/turn              (no ring)
MPRegen  0.10/turn              (no ring)

@: berserking, flying quickly and evasively, very quick
A: beak, talons 3, thin skeletal structure 1, MP-powered wands, able to fly
a: Stop Flying, Sacrifice Stealth, Sacrifice Artifice, Sacrifice Nimbleness,
Reject Sacrifices, Renounce Religion


You were on level 3 of the Dungeon.
You worshipped Ru.
Ru was noncommittal.
You were very hungry.

You visited 1 branch of the dungeon, and saw 3 of its levels.

You collected 118 gold pieces.

Inventory:

Hand Weapons
 a - a +0 short sword (weapon)
Missiles
 q - 4 javelins (quivered)
Armour
 b - a +0 leather armour (worn)
 s - a +1 pair of gloves (worn)
   (You found it on level 2 of the Dungeon)
Jewellery
 h - a +1 ring of protection {unknown}
   (You found it on level 1 of the Dungeon)
Scrolls
 c - a scroll of remove curse {unknown}
Potions
 e - 2 potions of curing
 j - a potion of flight
 l - a potion of resistance
 n - a potion of lignification
 t - a potion of brilliance {unknown}
Comestibles
 f - 5 rations


   Skills:
 + Level 3.3 Fighting
 * Level 5.6 Throwing
 + Level 3.6 Dodging
 - Level 1.0 Stealth


You had 4 spell levels left.
You didn't know any spells.
Your spell library was empty.

Dungeon Overview and Level Annotations

Branches:
Dungeon (3/15)

Altars:
Hepliaklqana
Ru
Xom
The Shining One

Annotations:
D:3 Sigmund, Terence


Innate Abilities, Weirdness & Mutations

You have a beak for a mouth.
You have claws for feet.
You can fly continuously.
You have a somewhat thin skeletal structure. (Dex +2, Stealth)
You expend magic power (3 MP) to strengthen your wands.


Message History

The jackal bites you but does no damage.
You hit the jackal.
You kill the jackal!
You hit the jackal but do no damage.
The jackal bites you but does no damage. x2
You hit the jackal.
The jackal is severely wounded.
The jackal bites you but does no damage. x2
You barely miss the jackal.
The jackal is severely wounded.
The jackal bites you but does no damage.
Sigmund laughs darkly.
You hit the jackal.
You kill the jackal!
You barely miss the jackal.
The jackal bites you but does no damage. x2
You barely miss the jackal.
Sigmund hits you from afar with a +0 scythe.
The jackal bites you but does no damage.
You closely miss the jackal.
The jackal bites you but does no damage.
Sigmund hits you from afar with a +0 scythe.
The jackal bites you but does no damage.
You hit the jackal but do no damage.
The jackal bites you but does no damage.
Sigmund casts a spell.
Sigmund flickers and vanishes!
You closely miss the jackal.
The jackal bites you but does no damage.
The jackal barely misses you. Something hits you but does no damage.
You hit the jackal.
The jackal is heavily wounded.
The jackal bites you but does no damage.
You barely miss the jackal.
The jackal is heavily wounded.
The jackal bites you but does no damage.
Something hits you but does no damage.
The jackal bites you but does no damage.
You barely miss the jackal.
The jackal is heavily wounded.
The jackal bites you but does no damage.
Something hits you but does no damage.
You hit the jackal but do no damage.
The jackal is heavily wounded.
The jackal bites you but does no damage. x2
Something hits you.
You completely miss the jackal.
The jackal is heavily wounded.
The jackal bites you but does no damage. x2
You barely miss the jackal.
The jackal is heavily wounded.
The jackal bites you but does no damage.
Something hits you but does no damage.
You hit the jackal.
You kill the jackal!
Something hits you but does no damage.
Unknown command.
Unknown command.
Unknown command.
Unknown command.
Unknown command.
Something completely misses you. Something hits you but does no damage.
Something hits you but does no damage.
Your transformation is almost over.
Something hits you but does no damage.
Unknown command.
You are feeling very hungry.
Unknown command.
Unknown command.
Something hits you but does no damage.
Unknown command.
Unknown command.
Something hits you but does no damage.
Unknown command.
Unknown command.
Unknown command.
Something hits you but does no damage.
Unknown command.
Unknown command.
Something hits you.
Unknown command.
Unknown command.
Unknown command.
Unknown command.
Something hits you but does no damage.
Unknown command.
Unknown command.
You feel less wooden.
Your +1 pair of gloves unmelds from your body.
Your +0 leather armour unmelds from your body.
Something hits you!
* * * LOW HITPOINT WARNING * * *
Unknown command.
Unknown command.
Unknown command.
It was a potion of berserk rage.
A red film seems to cover your vision as you go berserk!
You feel yourself moving faster!
You feel mighty! Something hits you.
You die...

*,,,,* ** *********#..,,*
,*****,,,,,,,,,...,*
,,,,,,,,,,,,,*,,..,*##########
,,,,,,******,,,,...*#........#
******* ***,,,.:##....)...#
#,,,,........./.# *****
#.#####.[.......#
**,,,******#..@†{.....>....#
***⌠,<,⌠*#......#####......?.#
,*,,,,,,,####.##* #........#
,+,,,⌠,>,* #,* #........#
**,,,,,,,* **,* ##########
***⌠,>,⌠****,,*
****,,,****,,** ,,,*****,,.,**
**** *,,,,...***


There were no monsters in sight!

Vanquished Creatures
  An orc priest (D:2)
  Robin (D:2)
  9 adders
  An ooze (D:2)
  A worm (D:2)
  2 leopard geckos (D:1)
  3 orcs (D:2)
  4 giant cockroaches
  12 goblins (D:2)
  7 hobgoblins (D:2)
  6 jackals
  3 quokkas
  10 bats
  A frilled lizard (D:2)
  3 kobolds (D:2)
  11 rats
75 creatures vanquished.

Notes
Turn   | Place    | Note
-------+----------+-------------------------------------------
     0 | D:1      | magipi the Tengu Hunter began the quest for the Orb.
     0 | D:1      | Reached XP level 1. HP: 12/12 MP: 2/2
   116 | D:1      | Reached XP level 2. HP: 17/17 MP: 3/3
   980 | D:2      | Reached XP level 3. HP: 17/22 MP: 4/4
  1041 | D:2      | Found a sacrificial altar of Ru.
  1127 | D:2      | Noticed Robin
  1175 | D:2      | Became a worshipper of Ru the Awakened
  1235 | D:2      | Reached skill level 5 in Throwing
  1235 | D:2      | Reached XP level 4. HP: 25/27 MP: 5/5
  1357 | D:2      | Found a shimmering altar of Xom.
  1468 | D:2      | Killed Robin
  1481 | D:2      | Gained mutation: You can fly continuously. [Tengu growth]
  1481 | D:2      | Reached XP level 5. HP: 20/32 MP: 6/6
  2652 | D:2      | Found a hazy altar of Hepliaklqana.
  2927 | D:3      | Found a glowing golden altar of the Shining One.
  2948 | D:3      | Noticed Terence
  2974 | D:3      | Noticed Sigmund
  2988 | D:3      | Gained mutation: You have a somewhat thin skeletal
                  | structure. (Dex +2, Stealth) [potion of mutation]
  2988 | D:3      | Gained mutation: You expend magic power (3 MP) to
                  | strengthen your wands. [potion of mutation]
  3035 | D:3      | Slain by Sigmund

Levels and vault maps discovered:
D:1:      scummos_arrival_hexagon, layout_basic
D:2:      layout_basic, lemuel_round_altar, nicolae_ru_sacrificial_ziggurat,
          first_ration, minmay_misc_feat_square, tgw_xom, uniq_robin
D:3:      layout_rooms, tso_oasis_becter, grunt_ministairs_7, uniq_sigmund,
          uniq_terence, uniq_grinder

Skill      XL: |  1  2  3  4 |
---------------+-------------+-----
Throwing       | 5 |  5.6
Dodging        | 3 |  3.6
Fighting       | 3 |  3.3
Stealth        | |  1.0

Action                   |  1- 3 |  4- 6 || total
-------------------------+-------+-------++-------
Melee: Short sword       |    76 |   139 ||   215
       Peck              |     9 |    15 ||    24
       Kick              |    19 |    29 ||    48
Throw: Javelin           |    10 |     5 ||    15
       Throwing net      |     2 |       ||     2
 Abil: Fly               |       |     1 ||     1
  Use: Scroll            |       |     6 ||     6
       Potion            |       |     5 ||     5
 Stab: Sleeping          |     1 |     1 ||     2
       Held in net/web   |     1 |       ||     1
  Eat: Chunk             |     1 |     5 ||     6
Armor: Leather armour    |    26 |    28 ||    54
       Skin              |       |    48 ||    48
Dodge: Dodged            |    50 |   118 ||   168

Table legend:
 A = Non-vault XP
 B = Vault XP
 C = Vault XP percentage of total XP
 D = Non-vault monster count
 E = Vault monster count
 F = Vault count percentage of total count
                 A         B        C        D         E       F
            +---------+---------+-------+---------+---------+-------
      Total |     246 |      49 |  16.6 |      56 |      19 |  25.3
            +---------+---------+-------+---------+---------+-------
        D:1 |      16 |       0 |   0.0 |      10 |       0 |   0.0
        D:2 |     180 |      49 |  21.4 |      37 |      19 |  33.9
        D:3 |      50 |       0 |   0.0 |       9 |       0 |   0.0
            +---------+---------+-------+---------+---------+-------

Action                   |  1- 3 |  4- 6 || total
-------------------------+-------+-------++-------
Melee: Short sword       |    76 |   139 ||   215
       Peck              |     9 |    15 ||    24
       Kick              |    19 |    29 ||    48
Throw: Javelin           |    10 |     5 ||    15
       Throwing net      |     2 |       ||     2
 Abil: Fly               |       |     1 ||     1
  Use: Scroll            |       |     6 ||     6
       Potion            |       |     5 ||     5
 Stab: Sleeping          |     1 |     1 ||     2
       Held in net/web   |     1 |       ||     1
  Eat: Chunk             |     1 |     5 ||     6
Armor: Leather armour    |    26 |    28 ||    54
       Skin              |       |    48 ||    48
Dodge: Dodged            |    50 |   118 ||   168
